AoeStats
← 风战

Black Forest

509416464Analyzed
4v4 RM · 4d ago on Sep 26, 2026· 41m 33s· 8 players
Game mode
Random Map
Map size
Large (8 player)
Population
200
Speed
Normal
Resources
Standard
Victory
Conquest
Starting age
Dark Age
Ending age
Imperial Age
RankedLock teamsTeams togetherTeam positionsShared explorationLock speedFull tech treeHidden civsTurbo modeCheats
Victory
Defeat
🇨🇿 Persians · Czechia
879
+11
🇵🇪 Franks · Peru
866
+11
🇨🇳 Britons · China
818
+20
🇧🇷 Byzantines · Brazil
672
+20
🇲🇽 Romans · Mexico
801
-15
🇲🇽 Britons · Mexico
761
-14
🇺🇸 Inca · United States
754
-14
🇺🇸 Byzantines · United States
720
-12
RESIST
2:59 Loom
13:25 Feudal Age
14:42 Wheelbarrow
19:56 Castle Age
19:35 Horse Collar
20:56 Double-Bit Axe
22:32 Hand Cart
22:40 Heavy Plow
24:38 Bow Saw
24:43 Gold Mining
24:44 Stone Mining
32:26 Imperial Age
30:20 Murder Holes
30:46 Ballistics
31:56 Stone Shaft Mining
31:57 Gold Shaft Mining
33:34 Fortified Wall
33:07 Treadmill Crane
33:52 Conscription
33:08 Elite Skirmisher
33:56 Squires
34:57 Caravan
37:21 Crop Rotation
37:08 Forging
36:59 Padded Archer Armor
38:08 Greek Fire
38:56 Thumb Ring
39:40 Iron Casting
39:21 Leather Archer Armor
40:43 Chemistry
40:50 Two-Man Saw
39:44 Pikeman
40:18 Halberdier
Don Typhoon
11:23 Feudal Age
11:50 Double-Bit Axe
11:46 Horse Collar
13:54 Wheelbarrow
18:49 Castle Age
17:37 Stone Mining
17:38 Gold Mining
20:06 Bow Saw
20:26 Heavy Plow
29:34 Gold Shaft Mining
29:35 Stone Shaft Mining
29:29 Hand Cart
30:47 Forging
30:38 Scale Mail Armor
31:04 Caravan
31:35 Coinage
32:44 Iron Casting
32:24 Chain Mail Armor
33:47 Arson
34:02 Squires
33:23 Champi Runner
33:25 Pikeman
37:38 Imperial Age
36:15 Champi Warrior
37:43 Elite Kamayuk
38:45 Conscription
39:07 Crop Rotation
39:43 Blast Furnace
39:14 Plate Mail Armor
39:40 Fabric Shields
j.quintero_1988
1:22 Loom
15:47 Feudal Age
21:50 Castle Age
19:58 Horse Collar
22:45 Fletching
La Morte Noire
0:28 Loom
13:21 Feudal Age
17:24 Castle Age
20:35 Double-Bit Axe
20:59 Horse Collar
23:09 Wheelbarrow
23:03 Bow Saw
23:28 Heavy Plow
27:15 Hand Cart
28:52 Fletching
29:02 Padded Archer Armor
29:23 Gold Mining
29:22 Crossbowman
30:05 Bodkin Arrow
30:28 Leather Archer Armor
32:33 Gold Shaft Mining
32:10 Stone Mining
Biscoitoso
0:46 Loom
12:10 Feudal Age
13:16 Double-Bit Axe
16:00 Horse Collar
23:07 Castle Age
21:43 Gold Mining
21:47 Stone Mining
22:17 Forging
24:07 Scale Barding Armor
24:06 Heavy Plow
24:25 Bow Saw
25:53 Fervor
26:26 Gold Shaft Mining
27:01 Iron Casting
28:53 Sanctity
28:16 Treadmill Crane
29:57 Stone Shaft Mining
31:05 Wheelbarrow
31:23 Fletching
31:34 Scale Mail Armor
31:54 Chain Barding Armor
31:35 Padded Archer Armor
31:57 Ballistics
31:48 Fortified Wall
33:15 Squires
32:37 Pikeman
34:21 Bodkin Arrow
35:30 Caravan
36:17 Husbandry
36:20 Arson
40:19 Thumb Ring
39:34 Crossbowman
39:35 Elite Skirmisher
Fckboy
14:47 Feudal Age
16:18 Double-Bit Axe
19:19 Castle Age
18:58 Wheelbarrow
20:24 Bow Saw
21:30 Hand Cart
22:01 Gold Mining
26:28 Gold Shaft Mining
30:55 Imperial Age
28:54 Forging
29:15 Scale Barding Armor
29:11 Scale Mail Armor
30:33 Iron Casting
30:24 Chain Barding Armor
30:26 Husbandry
30:55 Fletching
31:14 Padded Archer Armor
32:54 Chemistry
31:17 Cavalier
33:01 Blast Furnace
32:40 Plate Barding Armor
32:23 Leather Archer Armor
33:52 Siege Engineers
35:21 Light Cavalry
36:59 Ballistics
38:53 Paladin
Wallecnik
0:27 Loom
12:24 Feudal Age
15:53 Double-Bit Axe
21:07 Castle Age
21:30 Castle Age
19:47 Horse Collar
24:21 Bow Saw
28:24 Heavy Plow
31:37 Imperial Age
29:59 Caravan
30:25 Stone Mining
30:28 Gold Mining
32:02 Forging
31:58 Scale Barding Armor
32:35 Fletching
34:09 Bodkin Arrow
38:05 Murder Holes
风战
1:09 Loom
16:30 Feudal Age
20:53 Stone Mining
20:58 Gold Mining
23:38 Castle Age
23:43 Double-Bit Axe
26:03 Gold Shaft Mining
26:39 Fortified Wall
28:50 Wheelbarrow
29:30 Horse Collar
29:44 Treadmill Crane
33:02 Heavy Plow
35:11 Hand Cart
36:39 Caravan
41:09 Imperial Age
40:38 Ballistics
40:19 Fletching
40:30 Padded Archer Armor
Connection lost

Rejoining the realm…

Still unreachable

The connection could not be restored.

Session expired

The server has moved on; the page needs a fresh start.